AoeStats
← O grande

Marketplace

505634722Analyzed
1v1 RM · 22d ago on Sep 10, 2026· 16m 13s· 2 players
Game mode
Random Map
Map size
Tiny (2 player)
Population
200
Speed
Normal
Resources
Standard
Victory
Conquest
Starting age
Dark Age
Ending age
Imperial Age
RankedLock teamsTeams togetherTeam positionsShared explorationLock speedFull tech treeHidden civsTurbo modeCheats
Victory
Defeat
🇸🇪 Khitans · Sweden
2152
+13
🇧🇷 Khitans · Brazil
2075
-13
O grande
4:47 Loom
9:58 Feudal Age
10:50 Double-Bit Axe
14:28 Domestication
16:41 Forging
avlid
6:25 Loom
8:56 Feudal Age
9:44 Double-Bit Axe
13:46 Forging
15:57 Town Watch
16:29 Scale Barding Armor
Connection lost

Rejoining the realm…

Still unreachable

The connection could not be restored.

Session expired

The server has moved on; the page needs a fresh start.